 Dungeon Crawl Stone Soup version 0.25-a0-1113-g0499d652a8 (webtiles) character file.

Game seed: 14720731854863042793, levelgen mode: deterministic

1062 vurker the Cutter (level 8, -9/43 HPs)
             Began as a Vine Stalker Assassin on May 16, 2020.
             Was a Believer of Uskayaw.
             Killed by divine providence
             ... invoked by an orc priest
              (13 damage)
             ... on level 6 of the Dungeon.
             The game lasted 00:09:37 (4581 turns).

vurker the Cutter (Vine Stalker Assassin)           Turns: 4581, Time: 00:09:38

Health: -9/43      AC:  6    Str: 15    XL:     8   Next: 27%
Magic:  0/9        EV: 11    Int: 11    God:    Uskayaw [**....]
Gold:   140        SH:  0    Dex: 17    Spells: 7/7 levels left

rFire    . . .     SeeInvis .   a - +3 dagger
rCold    . . .     Gourm    .   (no shield)
rNeg     . . .     Faith    .   j - +0 robe (curse)
rPois    .         Spirit   +   h - +0 helmet
rElec    .         Reflect  .   c - +0 cloak
rCorr    .         Harm     .   (no gloves)
MR       +....                  t - +1 pair of boots
Stlth    ++++......             (no amulet)
HPRegen  0.54/turn              q - ring of stealth
MPRegen  0.11/turn              (no ring)

@: no status effects
A: fangs 3, regeneration 1, magic shield, antimagic bite, no potion heal 3, rot
immunity
a: Stomp, Line Pass, Renounce Religion


You were on level 6 of the Dungeon.
You worshipped Uskayaw.
Uskayaw was noncommittal.
You were not hungry.

You visited 2 branches of the dungeon, and saw 7 of its levels.

You collected 140 gold pieces.

Inventory:

Hand Weapons
 a - a +3 dagger (weapon)
 r - a +0 short sword of freezing
   (You found it on level 5 of the Dungeon)
Missiles
 d - 27 poisoned darts (quivered)
 g - 2 curare-tipped darts
Armour
 c - a +0 cloak (worn)
 h - a +0 helmet (worn)
   (You found it on level 1 of the Dungeon)
 j - a cursed +0 robe (worn)
   (You found it on level 4 of the Dungeon)
 m - a +0 chain mail
   (You found it on level 1 of the Dungeon)
 t - a +1 pair of boots (worn)
   (You found it on level 3 of the Dungeon)
Jewellery
 q - a ring of stealth (left hand)
   (You found it on level 2 of the Dungeon)
Wands
 v - a wand of digging (2)
   (You found it on level 4 of the Dungeon)
Scrolls
 b - a scroll of enchant armour
 i - 3 scrolls of teleportation
 n - a scroll of immolation
 u - a scroll of noise {unknown}
Potions
 k - 2 potions of flight
 l - 2 potions of might
 o - a potion of degeneration {unknown}
 p - a potion of haste {unknown}
 s - 2 potions of curing
Comestibles
 e - 7 rations


   Skills:
 + Level 5.2 Fighting
 * Level 7.2 Short Blades
 - Level 1.7 Throwing
 - Level 0.7 Dodging
 - Level 4.8 Stealth


You had 7 spell levels left.
You didn't know any spells.
Your spell library contained the following spells:

 Spells                   Type           Power        Failure   Level  Hunger
 Summon Small Mammal      Summ           #...         34%         1    ##.....
 Call Imp                 Summ           #.......     47%         2    ###....
 Call Canine Familiar     Summ           #.......     71%         3    ####...
 Summon Guardian Golem    Hex/Summ       #.......     71%         3    ####...
 Summon Ice Beast         Ice/Summ       #.......     98%         4    #####..
 Summon Lightning Spire   Summ/Air       #.......     98%         4    #####..


Dungeon Overview and Level Annotations

Branches:
Dungeon (6/15)             Temple (1/1) D:6

Altars:
Ashenzari
Cheibriados
Dithmenos
Elyvilon
Fedhas
Gozag
Hepliaklqana
Kikubaaqudgha
Makhleb
Nemelex Xobeh
Okawaru
Qazlal
Ru
Sif Muna
Trog
Uskayaw
Vehumet
Wu Jian
Xom
Yredelemnul
Zin
The Shining One

Portals:
Abyss: D:3

Annotations:
D:3 2 transporters, Amnesiac's ghost, amateur DEFi
D:5 1 runed translucent door, MisterFreud's ghost, novice GnGl


Innate Abilities, Weirdness & Mutations

You have razor-sharp teeth.
Your natural rate of healing is unusually fast.
When hurt, damage is shared between your health and your magic reserves.
Your bite disrupts and absorbs the magic of your enemies.
Potions cannot restore your health.
You are immune to rotting.


Message History

You barely miss the orc wizard. You bite the orc wizard.
The orc wizard's magic leaks into the air.
You drain its magic.
The orc wizard hits you but does no damage.
The centaur barely misses you.
You can now stomp with the beat.
You hit the orc wizard but do no damage.
The orc wizard closely misses you. The centaur barely misses you.
You closely miss the orc wizard.
The orc wizard falters for a moment.
You hit the orc wizard. Your bite misses the orc wizard.
The centaur barely misses you. The orc wizard barely misses you.
The centaur hits you but does no damage.
You hit the orc wizard but do no damage.
You bite the orc wizard.
You kill the orc wizard!
You barely miss the centaur. You bite the centaur. You drain its power.
The centaur barely misses you.
The orc warrior hits you with a +1 vorpal flail!
You can now pass through a line of other dancers.
You hit the centaur. Your bite misses the centaur.
The centaur closely misses you.
You hit the centaur. Your bite misses the centaur. The centaur hits you.
The orc warrior hits you with a +1 vorpal flail!
* * * LOW HITPOINT WARNING * * *
You barely miss the centaur. Your bite misses the centaur.
The centaur hits you.
* * * LOW HITPOINT WARNING * * *
You stomp with the beat, sending a shockwave through the revelers around you!
You feel somewhat more hungry.
You can no longer pass through a line of other dancers.
The centaur closely misses you.
The orc warrior hits you with a +1 vorpal flail.
* * * LOW HITPOINT WARNING * * *
* * * LOW HITPOINT WARNING * * *
The centaur hits you.
* * * LOW HITPOINT WARNING * * *
An orc priest comes into view. It is wielding a +0 club.
You can now pass through a line of other dancers.
The centaur wields a +0 shortbow.
The centaur shoots an arrow.
The arrow hits you.
* * * LOW HITPOINT WARNING * * *
You see here an arrow.
An orc comes into view.
The orc warrior barely misses you.
The centaur shoots an arrow.
The arrow hits you.
* * * LOW HITPOINT WARNING * * *
You see here an arrow.
The orc priest calls down the wrath of Beogh upon you.
Beogh smites you!
You die...

#...# ##...
#...###.>...#
##.."......#.#
..........#.#
#oo........#
#.).......#
#..o.....#
#.co.....#
#...@....####
#......(....#
###...$.......#
#.............#
#.#.#.#.#.#...#
#.............#
.#.#.......#...#
...............#
...#...>...#...#


You could see an orc warrior, a centaur, an orc priest and 2 orcs.

Vanquished Creatures
  Grinder (D:5)
  Eustachio (D:5)
  Duvessa (D:5)
  An ice beast (D:5)
  Blork the orc (D:4)
  Dowan (D:5)
  A bullfrog skeleton (D:6)
  An orc priest (D:4)
  Crazy Yiuf (D:2)
  A jelly (D:6)
  An iguana (D:5)
  2 orc wizards
  2 worker ants (D:5)
  2 hound skeletons
  A worker ant zombie (D:5)
  5 adders
  A shadow imp (D:5)
  An adder skeleton (D:5)
  A worm (D:2)
  4 leopard geckos
  10 orcs
  5 giant cockroaches
  7 hobgoblins
  7 kobolds
  4 quokkas
  7 bats
  5 goblins (D:2)
  2 leopard gecko zombies (D:5)
  7 rats
84 creatures vanquished.

Notes
Turn   | Place    | Note
-------+----------+-------------------------------------------
     0 | D:1      | vurker the Vine Stalker Assassin began the quest for the
                  | Orb.
     0 | D:1      | Reached XP level 1. HP: 11/11 MP: 2/2
   198 | D:1      | Reached skill level 2 in Short Blades
   364 | D:1      | Reached XP level 2. HP: 15/15 MP: 3/3
  1393 | D:2      | Reached XP level 3. HP: 18/18 MP: 4/4
  1446 | D:2      | Found a white marble altar of Elyvilon.
  1638 | D:2      | Reached skill level 3 in Short Blades
  1913 | D:2      | Gained mutation: Your natural rate of healing is unusually
                  | fast. [Vine Stalker growth]
  1913 | D:2      | Reached XP level 4. HP: 15/23 MP: 3/5
  1980 | D:2      | Found a runed translucent door.
  1981 | D:2      | Noticed Crazy Yiuf
  2113 | D:2      | Killed Crazy Yiuf
  2150 | D:3      | Found a transporter.
  2161 | D:3      | Found a one-way gate to the infinite horrors of the Abyss.
  2161 | D:3      | Noticed Amnesiac's ghost (amateur DEFi)
  2313 | D:3      | Reached XP level 5. HP: 28/28 MP: 6/6
  2514 | D:3      | Found a transporter.
  2951 | D:4      | Reached skill level 4 in Short Blades
  3088 | D:4      | Found a bloodstained altar of Trog.
  3124 | D:4      | Noticed Blork the orc
  3137 | D:4      | Killed Blork the orc
  3137 | D:4      | Reached XP level 6. HP: 32/32 MP: 7/7
  3411 | D:5      | Entered Level 5 of the Dungeon
  3468 | D:5      | Noticed Grinder
  3469 | D:5      | Paralysed by Grinder for 6 turns
  3505 | D:5      | Paralysed by Grinder for 5 turns
  3521 | D:5      | Killed Grinder
  3521 | D:5      | Reached skill level 5 in Short Blades
  3521 | D:5      | Reached XP level 7. HP: 19/37 MP: 5/8
  3583 | D:5      | Found a basalt altar of Yredelemnul.
  3629 | D:5      | Noticed Eustachio
  3697 | D:5      | HP: 1/37 [river rat[Eustachio] (3)]
  3699 | D:5      | Killed Eustachio
  3699 | D:5      | Reached skill level 6 in Short Blades
  3949 | D:5      | Noticed Duvessa
  3951 | D:5      | Noticed Dowan
  3963 | D:5      | Killed Duvessa
  3975 | D:5      | Killed Dowan
  3975 | D:5      | Gained mutation: You have razor-sharp teeth. [Vine Stalker
                  | growth]
  3975 | D:5      | Reached XP level 8. HP: 23/42 MP: 4/9
  4230 | D:5      | Reached skill level 5 in Fighting
  4230 | D:5      | Reached skill level 7 in Short Blades
  4239 | D:5      | Found a runed translucent door.
  4241 | D:5      | Noticed MisterFreud's ghost (novice GnGl)
  4367 | D:6      | Found a staircase to the Ecumenical Temple.
  4391 | Temple   | Entered the Ecumenical Temple
  4504 | Temple   | Became a worshipper of Uskayaw the Reveler
  4569 | D:6      | Reached * piety under Uskayaw
  4574 | D:6      | Reached ** piety under Uskayaw
  4581 | D:6      | Killed from afar by an orc priest

Illustrated notes

Levels and vault maps discovered:
D:1:      lightli_iron_boxes, layout_basic, serial_forest,
          infiniplex_forest_straight_1, infiniplex_forest_clump_curved,
          infiniplex_forest_clump_diagonal, infiniplex_forest_clump_tiny,
          infiniplex_forest_lined_3, infiniplex_forest_lined_corner,
          infiniplex_forest_clump_curved, infiniplex_forest_straight_4,
          minmay_stone_trees_large, minivault_4
D:2:      layout_rooms, elyvilon_altar_4, first_ration, uniq_crazy_yiuf_cottage
D:3:      layout_loops_ring, gammafunk_ghost_abyssal_escape
D:4:      layout_basic, bloody_trog, uniq_blork_the_orc
D:5:      layout_basic, basic_altar, ebering_ghost_inner_flame, uniq_duvessa,
          uniq_grinder, uniq_eustachio
D:6:      layout_rooms, minmay_temple_entry_glass
Temple:   kilobyte_greek_temple

Skill      XL: |  1  2  3  4  5  6  7  8 |
---------------+-------------------------+-----
Short Blades   | 2 3 4 5 6 7 |  7.2
Fighting       | 2 3 4 5 |  5.2
Throwing       | |  1.7
Dodging        | |  0.7
Stealth        | |  4.8

Action                   |  1- 3 |  4- 6 |  7- 9 || total
-------------------------+-------+-------+-------++-------
Melee: Dagger            |   120 |   158 |   112 ||   390
       Bite              |    28 |    49 |    42 ||   119
Throw: Dart              |     3 |    15 |    23 ||    41
Invok: Stomp             |       |       |     1 ||     1
  Use: Scroll            |       |    10 |     3 ||    13
 Stab: Sleeping          |     4 |       |     3 ||     7
  Eat: Chunk             |     3 |     5 |     4 ||    12
Armor: Robe              |    21 |       |    10 ||    31
       Chain mail        |    39 |    88 |    80 ||   207
Dodge: Dodged            |    61 |    38 |    44 ||   143

Table legend:
 A = Non-vault XP
 B = Vault XP
 C = Vault XP percentage of total XP
 D = Non-vault monster count
 E = Vault monster count
 F = Vault count percentage of total count
                 A         B        C        D         E       F
            +---------+---------+-------+---------+---------+-------
      Total |     689 |     829 |  54.6 |      78 |       6 |   7.1
            +---------+---------+-------+---------+---------+-------
        D:1 |      28 |       0 |   0.0 |      18 |       0 |   0.0
        D:2 |      77 |      40 |  34.2 |      21 |       1 |   4.5
        D:3 |      33 |       0 |   0.0 |      14 |       0 |   0.0
        D:4 |     117 |      94 |  44.5 |       8 |       1 |  11.1
        D:5 |     310 |     695 |  69.2 |      13 |       4 |  23.5
        D:6 |     124 |       0 |   0.0 |       4 |       0 |   0.0
            +---------+---------+-------+---------+---------+-------
